 Dungeon Crawl Stone Soup version 0.30-a0-374-g95c0257040 (webtiles) character file.

Game seed: 3045036820651659714

6625 MTVSty1e the Severer (level 10, -3/97 HPs)
             Began as a Minotaur Fighter on Nov 26, 2022.
             Was an Initiate of Okawaru.
             Slain by an orc warlord
             ... wielding a +4 battleaxe
              (30 damage)
             ... in a bailey.
             The game lasted 00:09:18 (8637 turns).

MTVSty1e the Severer (Minotaur Fighter)             Turns: 8637, Time: 00:09:18

Health: -3/97      AC: 18    Str: 25    XL:     10   Next: 72%
Magic:  18/18      EV:  7    Int:  5    God:    Okawaru [......]
Gold:   253        SH:  4    Dex: 10    Spells: 9/9 levels left

rFire   . . .      SeeInvis .    a - +1 war axe
rCold   . . .      Faith    .    c - +0 buckler
rNeg    . . .      Spirit   .    h - +0 crystal plate armour
rPois   +          Reflect  .    z - +2 hat
rElec   +          Harm     .    u - scarf {repulsion}
rCorr   .          Rampage  .    (no gloves)
Will    .....                    (no boots)
Stlth   ..........               (no amulet)
HPRegen 0.36/turn                m - ring "Anibeitz" {Contam rElec MP+9 EV+4}
MPRegen 0.16/turn                p - ring of poison resistance

@: mighty, repel missiles
A: horns 2, retaliatory headbutt
a: Renounce Religion


You were in a bailey.
You worshipped Okawaru.
Okawaru was noncommittal.
You visited 2 branches of the dungeon, and saw 10 of its levels.
You also visited: Bailey.

You collected 461 gold pieces.
You spent 208 gold pieces at shops.

Inventory:

Hand Weapons
 a - a +1 war axe (weapon)
Armour
 c - a +0 buckler (worn)
 h - a +0 crystal plate armour (worn)
 u - a scarf of repulsion (worn)
 y - a +3 ring mail
 z - a +2 hat (worn)
Jewellery
 m - the ring "Anibeitz" (left hand) {Contam rElec MP+9 EV+4}
   (You found it on level 2 of the Dungeon)

   [ring of evasion]

   EV:        It affects your evasion (+4).
   rElec:     It insulates you from electricity.
   MP:        It affects your magic capacity (+9).
   Contam:    It causes magical contamination when unequipped.
 p - a ring of poison resistance (right hand)
Wands
 b - a wand of roots (6)
 s - a wand of polymorph (8)
 w - a wand of mindburst (11)
Scrolls
 g - a scroll of teleportation
 k - 4 scrolls of identify
 n - 2 scrolls of summoning {unknown}
 q - 2 scrolls of blinking
 t - 2 scrolls of enchant weapon
 C - 3 scrolls of enchant armour
Potions
 e - 2 potions of attraction
 f - a potion of flight
 i - 4 potions of heal wounds
 j - a potion of mutation {unknown}
 l - 3 potions of berserk rage
 o - a potion of curing
 r - 2 potions of brilliance
 v - 2 potions of cancellation {unknown}
 x - a potion of ambrosia {unknown}
 A - a potion of resistance {unknown}
 B - 4 potions of invisibility


   Skills:
 + Level 11.8 Fighting
 * Level 15.8 Axes
 - Level 3.6 Armour
 - Level 3.6 Shields


You had 9 spell levels left.
You didn't know any spells.
Your spell library contained the following spells:

 Spells                   Type           Power      Damage    Failure   Level
 Freeze                   Ice            0%         1d3       100%        1
 Sandblast                Erth           0%         2d4       100%        1
 Passwall                 Tmut/Erth      0%         N/A       100%        2
 Frozen Ramparts          Ice            0%         1d1       100%        3
 Hailstorm                Conj/Ice       0%         3d3       100%        3
 Stone Arrow              Conj/Erth      0%         3d7       100%        3
 Manifold Assault         Tloc           0%         N/A       100%        4
 Dispersal                Tloc           0%         N/A       100%        6
 Storm Form               Tmut/Air       0%         N/A       100%        7
 Borgnjor's Revivificati  Necr           0%         N/A       100%        8
 Disjunction              Tloc           0%         N/A       100%        8
 Maxwell's Capacitive Co  Air            0%         ∞         100%        8
 Necromutation            Tmut/Necr      0%         N/A       100%        8
 Death's Door             Necr           0%         N/A       100%        9
 Summon Lightning Spire   Summ/Air       Unusable   N/A       N/A         4

Dungeon Overview and Level Annotations

Branches:
Dungeon (9/15)             Temple (1/1) D:4            Lair (0/5) D:9
 Bailey (1/1)
    Orc: D:9-12

Altars:
Ashenzari
Cheibriados
Dithmenos
Elyvilon
Fedhas
Gozag
Hepliaklqana
Kikubaaqudgha
Makhleb
Nemelex Xobeh
Okawaru
Qazlal
Ru
Sif Muna
Trog
Uskayaw
Vehumet
Wu Jian
Yredelemnul
Zin
The Shining One

Shops:
D:7 [

Annotations:
D:3 3 runed translucent doors, Voxish's ghost, amateur NaWr
D:9 Erica


Innate Abilities, Weirdness & Mutations

You have a pair of horns on your head.
You reflexively headbutt those who attack you in melee.


Message History

You kill the orc warrior!
Okawaru accepts your kill.
You barely miss the orc warrior.
You headbutt the orc warrior, but do no damage.
You hit the orc warrior.
The orc warrior is lightly wounded.
The orc warrior hits you but does no damage.
You slash the orc warrior! Your headbutt misses the orc warrior.
The orc warrior is heavily wounded.
The orc warrior barely misses you.
You slash the orc warrior! Your headbutt misses the orc warrior.
The orc warrior is almost dead.
You slash the orc warrior!
You kill the orc warrior!
Okawaru accepts your kill.
You feel much better.
The orc warrior hits you with a +0 war axe!
You slice the orc warrior!!
The orc warrior is severely wounded.
The orc warrior barely misses you.
You slice the orc warrior!!
You kill the orc warrior!
Okawaru accepts your kill.
You slice the orc!!
You kill the orc!
Okawaru accepts your kill.
The orc warlord hits you with a +4 battleaxe!
There is an open door, spattered with blood here.
Items here: ))))))))) [[[[[[[[[ ††††.
You hit the orc warlord. Your headbutt misses the orc warlord.
The orc warlord is lightly wounded.
The orc warlord closely misses you.
You hit the orc warlord. You headbutt the orc warlord!
The orc warlord is lightly wounded.
The orc warlord hits you with a +4 battleaxe!
* * * LOW HITPOINT WARNING * * *
You slice the orc warlord!!
The orc warlord is moderately wounded.
The orc warlord hits you with a +4 battleaxe!!
You die...

..))......#.).........#
...)......#...........#
...).....###.........###
'#.)...###.###.....#'#.###
.###.###
....###.###))...### ...###
......###.........## ....#
......##8..........# ....#
.......#8..........# ....#
......o@.....⌠....∩# ....#
.......#8..........# ....#
......##8..........#
...###
......###.........##
.###.###
....###.###.....###
+#.....###.###.....#'#.###
.........###......)).###
..........#........)).#
..........#...........#


You could see an orc warlord.

Vanquished Creatures
  16 yaks (D:8)
  Eustachio (D:4)
  2 steam dragons (D:7)
  3 water moccasins
  15 orc warriors (Bailey)
  2 centaurs
  3 phantoms
  A kobold brigand (D:6)
  5 scorpions
  A gnoll sergeant (D:6)
  3 necrophages
  7 howler monkeys
  2 electric eels
  3 hounds
  A jelly (D:5)
  A gnoll bouda (D:5)
  2 orc priests
  5 iguanas
  Ijyb (D:5)
  3 orc wizards
  Robin (D:4)
  8 adders
  24 gnolls
  A white imp (D:6)
  An ufetubus (D:5)
  2 worms
  A dart slug (D:1)
  28 orcs
  5 ball pythons
  4 endoplasms
  4 giant cockroaches
  24 goblins
  20 hobgoblins
  6 kobolds
  2 quokkas
  5 bats
  10 frilled lizards
  4 rats
227 creatures vanquished.

Vanquished Creatures (others)
  An orc (D:7)
  24 plants
25 creatures vanquished.

Grand Total: 252 creatures vanquished

Notes
Turn   | Place    | Note
-------+----------+-------------------------------------------
     0 | D:1      | MTVSty1e the Minotaur Fighter began the quest for the Orb.
     0 | D:1      | Reached XP level 1. HP: 19/19 MP: 0/0
    77 | D:1      | Reached skill level 3 in Axes
    93 | D:1      | Reached XP level 2. HP: 27/27 MP: 1/1
   141 | D:1      | Found a faded altar of an unknown god.
   595 | D:2      | Reached XP level 3. HP: 21/33 MP: 2/2
   716 | D:2      | Reached skill level 4 in Axes
  1081 | D:2      | Identified the ring "Anibeitz" {Contam rElec MP+9 EV+4}
  1315 | D:3      | Reached XP level 4. HP: 26/41 MP: 3/3
  1322 | D:3      | Reached skill level 5 in Axes
  1642 | D:3      | HP: 2/41 [poisoned by a gnoll]
  1797 | D:3      | Reached XP level 5. HP: 47/47 MP: 4/4
  2234 | D:3      | Found a runed translucent gate.
  2235 | D:3      | Found a runed translucent gate.
  2236 | D:3      | Found a runed translucent gate.
  2236 | D:3      | Noticed Voxish's ghost (amateur NaWr)
  2588 | D:4      | Noticed Robin
  2595 | D:4      | Killed Robin
  2598 | D:4      | Reached skill level 5 in Fighting
  2690 | D:4      | Noticed Eustachio
  2699 | D:4      | Killed Eustachio
  2700 | D:4      | Reached skill level 6 in Axes
  2700 | D:4      | Reached XP level 6. HP: 56/56 MP: 5/5
  2716 | D:4      | Found a staircase to the Ecumenical Temple.
  2725 | Temple   | Entered the Ecumenical Temple
  2975 | D:4      | Reached skill level 7 in Axes
  3296 | D:4      | Reached XP level 7. HP: 25/63 MP: 6/6
  3551 | D:5      | Entered Level 5 of the Dungeon
  3639 | D:5      | Noticed Ijyb
  3647 | D:5      | Killed Ijyb
  3728 | D:5      | Reached skill level 8 in Axes
  4046 | D:5      | Reached skill level 9 in Axes
  4304 | D:5      | Reached XP level 8. HP: 73/73 MP: 7/7
  4755 | D:6      | Reached skill level 10 in Axes
  5052 | D:6      | Reached skill level 11 in Axes
  5821 | D:7      | Reached XP level 9. HP: 80/82 MP: 8/8
  6038 | D:7      | Found Waplocs's Antique Armour Boutique.
  6041 | D:7      | Bought a runed scarf for 208 gold pieces
  6110 | D:7      | Reached skill level 12 in Axes
  6982 | D:8      | Reached skill level 13 in Axes
  6986 | D:8      | Reached skill level 10 in Fighting
  7288 | D:8      | Reached skill level 14 in Axes
  7291 | D:8      | Reached XP level 10. HP: 84/94 MP: 9/9
  7700 | D:8      | Found a shadowy altar of Dithmenos.
  7711 | D:8      | Found an iron altar of Okawaru.
  7747 | D:8      | Found a broken altar of Ashenzari.
  7767 | D:8      | Became a worshipper of Warmaster Okawaru
  7777 | D:8      | Found a basalt altar of Yredelemnul.
  7792 | D:8      | Found a radiant altar of Vehumet.
  7951 | D:9      | Found a flagged portal.
  7951 | D:9      | Noticed Erica
  7956 | Bailey   | Entered a bailey
  7957 | Bailey   | Identified a scroll of acquirement
  7957 | Bailey   | Acquired a +0 crystal plate armour
  8125 | Bailey   | Reached skill level 15 in Axes
  8595 | Bailey   | Noticed an orc warlord
  8637 | Bailey   | Slain by an orc warlord

Illustrated notes

Levels and vault maps discovered:
D:1:      lightli_arrival_isolated_outpost, layout_basic,
          hellmonk_ecumenical_altar_heavens_door, hangedman_decor_push,
          chequers_serial_rivers_micro_e
D:2:      layout_loops_cross, minmay_misc_feat_columns
D:3:      layout_loops_corners, gammafunk_ghost_nasty_kobolds
D:4:      layout_basic, minmay_temple_entry_grid, minmay_lizard_king,
          uniq_eustachio, uniq_robin
D:5:      layout_basic, uniq_ijyb
D:6:      layout_basic, serial_bayou_lagoon_a, grunt_tough_drop
D:7:      layout_loops_ring, serial_shops, nicolae_shop_behind_doors,
          serial_bayou_pond_b, hex_large
D:8:      layout_basic, nicolae_ashenzari_skybound,
          nicolae_overflow_quartered_altars
D:9:      layout_cave_pods, lemuel_tele_altar, due_lair_maze_entry_diamond,
          enter_bailey_5, nicolae_lava_and_water, chequers_jeans,
          minmay_misc_feat_square, minivault_27, amcnicky_mini_pool_small,
          minmay_three_doors, uniq_erica, uniq_amaemon, uniq_joseph,
          uniq_gastronok
Temple:   nicolae_temple_elliptical
Bailey:   bailey_axe_minmay_hex_keep, bailey

Skill      XL: |  1  2  3  4  5  6  7  8  9 10 |
---------------+-------------------------------+-----
Axes           | 3 4 5 6 7 9 11 14 15 | 15.8
Fighting       | 4 5 6 7 8 10 11 | 11.8
Armour         | |  3.6
Shields        | |  3.6

Action                   |  1- 3 |  4- 6 |  7- 9 | 10-12 || total
-------------------------+-------+-------+-------+-------++-------
Melee: War axe           |    74 |   110 |   239 |   137 ||   560
       Headbutt          |    13 |    21 |    49 |    18 ||   101
  Use: Potion            |       |     2 |       |     2 ||     4
       Scroll            |       |       |    19 |     3 ||    22
Armor: Scale mail        |    27 |    36 |       |       ||    63
       Ring mail         |       |       |    68 |     9 ||    77
       Crystal plate arm |       |       |       |    31 ||    31
Dodge: Dodged            |    31 |    60 |   136 |    36 ||   263
Block: Buckler           |    17 |    31 |    47 |    24 ||   119

Table legend: (Time is in decaauts)
 A = Elapsed time spent in this place.
 B = Non-inter-level travel time spent in this place.
 C = Inter-level travel time spent in this place.
 D = Time resting spent in this place.
 E = Time spent auto-exploring this place.
 F = Levels seen in this place.
 G = Mean time per level.
                   A        B        C        D        E       F      G
               +--------+--------+--------+--------+--------+-----+--------+
         Total |   8661 |   8467 |    194 |   1703 |   5483 |  11 |  787.4 |
       Dungeon |   7846 |   7674 |    172 |   1383 |   5170 |   9 |  871.8 |
        Temple |    159 |    137 |     22 |      0 |    121 |   1 |  159.0 |
        Bailey |    655 |    655 |      0 |    320 |    192 |   1 |  655.0 |
               +--------+--------+--------+--------+--------+-----+--------+

Top non-repeatable levels by time:
     D:3: 1234 daAuts
     D:7: 1179 daAuts
     D:5: 1155 daAuts
     D:6: 1099 daAuts
     D:8: 922 daAuts
     D:4: 895 daAuts
     D:2: 761 daAuts
  Bailey: 655 daAuts
     D:1: 573 daAuts
  Temple: 159 daAuts
     D:9: 24 daAuts
